 Dungeon Crawl Stone Soup version 0.29-a0-384-g6960b1960d (webtiles) character file.

Game seed: 13541635559723276063

386 runemasterragnar the Slasher (level 6, 0/43 HPs)
             Began as an Octopode Fighter on May 7, 2022.
             Slain by an iguana (11 damage)
             ... on level 5 of the Dungeon.
             The game lasted 00:04:57 (3868 turns).

runemasterragnar the Slasher (Octopode Fighter)     Turns: 3868, Time: 00:04:57

Health: 0/43       AC:  1    Str: 13 (14) XL:     6   Next: 78%
Magic:  6/6        EV: 13    Int: 10 (12) God:
Gold:   151        SH:  4    Dex: 11 (13) Spells: 5/5 levels left

rFire   . . .      SeeInvis .   a - +1 long sword
rCold   . . .      Faith    .   b - +0 buckler
rNeg    . . .      Spirit   .   (helmet restricted)
rPois   .          Reflect  .   (no amulet)
rElec   .          Harm     .   (no ring)
rCorr   .          Rampage  .   (no ring)
Will    .....                   (no ring)
Stlth   +++.......              (no ring)
HPRegen 0.14/turn               (no ring)
MPRegen 0.10/turn               (no ring)
                                (no ring)
                                (no ring)

@: no status effects
A: almost no armour, amphibious, 8 rings, camouflage 1, gelatinous body 1,
(nimble swimmer 1), tentacles, agile 1, high MP 1, weak 1
a: no special abilities


You were on level 5 of the Dungeon.
You visited 1 branch of the dungeon, and saw 5 of its levels.

You collected 174 gold pieces.
You spent 23 gold pieces at shops.

Inventory:

Hand Weapons
 a - a +1 long sword (weapon)
 j - a +0 hand crossbow
Armour
 b - a +0 buckler (worn)
Wands
 i - a wand of acid (4)
Scrolls
 d - 4 scrolls of teleportation
 k - a scroll of torment
Potions
 c - a potion of might
 e - 2 potions of flight
 f - a potion of mutation
 g - a potion of curing
 h - a potion of degeneration
 n - a potion of attraction {unknown}


   Skills:
 + Level 3.8 Fighting
 * Level 4.1 Long Blades
 + Level 3.9 Dodging
 + Level 3.1 Stealth
 + Level 3.8 Shields
 + Level 2.2 Unarmed Combat


You had 5 spell levels left.
You didn't know any spells.
Your spell library contained the following spells:

 Spells                   Type           Power      Damage    Failure   Level
 Shock                    Conj/Air       0%         1d3       43%         1
 Swiftness                Air            0%         N/A       82%         3
 Airstrike                Air            0%         N/A       99%         4


Dungeon Overview and Level Annotations

Branches:
Dungeon (5/15)             Temple (0/1) D:5

Altars:
Ashenzari
Okawaru
Ru
Sif Muna
Trog

Shops:
D:2 *   D:4 [

Annotations:
D:4 Grinder, Menkaure


Innate Abilities, Weirdness & Mutations

You cannot wear most types of armour.
You are amphibious.
You can wear up to eight rings at the same time.
Your skin changes colour to match your surroundings (Stealth+).
Your rubbery body absorbs attacks. (AC +1, EV +1)
((You are camouflaged when in or above water. (Stealth+)))
You have tentacles for arms and can constrict up to eight enemies at once.
You are agile. (Dex +2)
You have an increased reservoir of magic. (+10% MP)
You are weak. (Str -2)


Message History

Your Stealth skill increases to level 3!
You start resting.
You feel a strong urge to attack something.
You start resting.
You feel your anger nearly subside.
You are no longer berserk.
You are exhausted.
You feel yourself slow down.
You start resting.
You hear the slow hiss of an avalanche of sand nearby.
Things that are here:
a black bear corpse; an iguana corpse
Okay, then.
Things that are here:
a black bear corpse; an iguana corpse You start to feel less resistant.
Your resistance to elements expires.
You feel yourself speed up.
Found a long fluorescent wand.
You recover from your berserk rage.
i - a wand of acid (6)
Found a fuming yellow potion.
Found a staircase to the Ecumenical Temple.
Found a pair of boots.
Found a polished short sword.
An iguana comes into view.
The iguana hisses angrily.
Okay, then.
Aiming: Corrosive Bolt
Press: ? - help, Shift-Dir - straight line, f - iguana
Aim: an iguana (75% to hit)
The bolt of acid hits the iguana.
The iguana is lightly wounded.
Unknown command.
Aiming: Corrosive Bolt
Press: ? - help, Shift-Dir - straight line, f/p - iguana
Aim: an iguana (lightly wounded, 75% to hit)
The bolt of acid hits the iguana!
The acid corrodes the iguana!
The iguana is severely wounded.
The iguana bites you!
You die...

..............#
.######.#####.#######
#.# #.......# #.#
#######.# # #.# #.#
###.######.# #.#
..[.....##.###########.#
..8.8.8.....)....†.....#
#..⌠.⌠.@##.###.####.....
#.8!>.8l##.# #.# #.#..#
#..⌠.⌠...... ..# #.....
#.8.8.8..#####.# #<..##
#.......## ... #...##
##.##..## ... .....## #.
..) ...#####... # ###.
#..# ..##


You could see an iguana (corroded).

Vanquished Creatures
  A black bear (D:5)
  A scorpion (D:4)
  Crazy Yiuf (D:3)
  A gnoll shaman (D:4)
  Terence (D:2)
  An iguana (D:5)
  A gnoll (D:1)
  4 adders
  A white imp (D:5)
  An ufetubus (D:4)
  A worm (D:2)
  3 dart slugs (D:2)
  9 orcs
  5 ball pythons
  3 endoplasms
  A giant cockroach (D:1)
  5 hobgoblins
  4 jackals (D:4)
  7 bats
  2 frilled lizards
  7 goblins
  5 kobolds
  5 rats
70 creatures vanquished.

Notes
Turn   | Place    | Note
-------+----------+-------------------------------------------
     0 | D:1      | runemasterragnar the Octopode Fighter began the quest for
                  | the Orb.
     0 | D:1      | Reached XP level 1. HP: 16/16 MP: 1/1
   101 | D:1      | Found a faded altar of an unknown god.
   101 | D:1      | Noticed a green death
   332 | D:1      | Reached skill level 1 in Stealth
   332 | D:1      | Reached XP level 2. HP: 21/21 MP: 2/2
   777 | D:1      | Reached XP level 3. HP: 21/26 MP: 3/3
  1070 | D:2      | Found an iron altar of Okawaru.
  1087 | D:2      | Noticed Terence
  1092 | D:2      | Killed Terence
  1093 | D:2      | Reached skill level 1 in Unarmed Combat
  1093 | D:2      | Reached XP level 4. HP: 25/31 MP: 4/4
  1174 | D:2      | Found Peff's Assorted Antiques.
  1229 | D:2      | Reached skill level 3 in Long Blades
  1923 | D:2      | Bought a viscous grey potion for 23 gold pieces
  1953 | D:3      | Found a bloodstained altar of Trog.
  2315 | D:3      | Found a shimmering blue altar of Sif Muna.
  2419 | D:3      | Reached XP level 5. HP: 23/36 MP: 5/5
  2587 | D:3      | Found a runed translucent door.
  2588 | D:3      | Noticed Crazy Yiuf
  2670 | D:3      | Found a sacrificial altar of Ru.
  2981 | D:3      | Killed Crazy Yiuf
  3013 | D:4      | Noticed Menkaure
  3069 | D:4      | Reached XP level 6. HP: 9/43 MP: 6/6
  3070 | D:4      | Gained mutation: You have an increased reservoir of magic.
                  | (+10% MP) [potion of mutation]
  3070 | D:4      | Gained mutation: You are agile. (Dex +2) [potion of
                  | mutation]
  3070 | D:4      | Gained mutation: You are weak. (Str -2) [potion of
                  | mutation]
  3698 | D:4      | Found Kuqifai's Armour Boutique.
  3726 | D:4      | Noticed Grinder
  3734 | D:5      | Entered Level 5 of the Dungeon
  3734 | D:5      | Found a broken altar of Ashenzari.
  3779 | D:5      | Noticed a black bear
  3811 | D:5      | HP: 2/43 [black bear (7)]
  3813 | D:5      | Killed a black bear
  3814 | D:5      | Reached skill level 4 in Long Blades
  3863 | D:5      | Found a staircase to the Ecumenical Temple.
  3868 | D:5      | Slain by an iguana

Illustrated notes

Levels and vault maps discovered:
D:1:      dpeg_arrival_three_same_balls, layout_loops_cross,
          dreamdust_ecumenical_altar_sealed_demon
D:2:      layout_loops_ring, basic_altar, serial_shops, shop, uniq_terence
D:3:      layout_loops_corners, lemuel_doored_altar,
          mainiacjoe_overflow_catwalk, amcnicky_altar_gilded,
          uniq_crazy_yiuf_cottage
D:4:      layout_cave_pools, serial_shops, nicolae_shop_stone,
          chequers_mini_garden, minmay_checkerbox, uniq_grinder, uniq_menkaure
D:5:      minmay_evil_eye, layout_loops_ring, cheibrodos_ashenzari_chains,
          mainiacjoe_overflow_small_starburst, vehumet_crystals,
          minmay_temple_entry_statues_fountains,
          nicolae_ossuary_entry_false_entrances, hellmonk_ghost_happy_afterlife,
          uniq_pikel, uniq_eustachio

Skill      XL: |  1  2  3  4  5  6 |
---------------+-------------------+-----
Stealth        | 1 2 3 |  3.1
Unarmed Combat | 1 2 |  2.2
Long Blades    | 3 4 |  4.1
Fighting       | |  3.8
Dodging        | |  3.9
Shields        | |  3.8

Action                   |  1- 3 |  4- 6 || total
-------------------------+-------+-------++-------
Melee: Long sword        |    40 |    93 ||   133
       Constrict         |    11 |    25 ||    36
       Tentacles         |     9 |    18 ||    27
       Punch             |       |     3 ||     3
Evoke: Wand              |       |     2 ||     2
  Use: Scroll            |       |     6 ||     6
       Potion            |       |     7 ||     7
 Stab: Sleeping          |     6 |    11 ||    17
Armor: Skin              |     3 |     4 ||     7
Dodge: Dodged            |    23 |    63 ||    86
Block: Buckler           |     8 |    19 ||    27

Table legend: (Time is in decaauts)
 A = Elapsed time spent in this place.
 B = Non-inter-level travel time spent in this place.
 C = Inter-level travel time spent in this place.
 D = Time resting spent in this place.
 E = Time spent auto-exploring this place.
 F = Levels seen in this place.
 G = Mean time per level.
                   A        B        C        D        E       F      G
               +--------+--------+--------+--------+--------+-----+--------+
         Total |   3920 |   3806 |    114 |    489 |   2689 |   5 |  784.0 |
       Dungeon |   3920 |   3806 |    114 |    489 |   2689 |   5 |  784.0 |
               +--------+--------+--------+--------+--------+-----+--------+

Top non-repeatable levels by time:
     D:3: 1587 daAuts
     D:2: 1019 daAuts
     D:1: 936 daAuts
     D:4: 227 daAuts
     D:5: 149 daAuts
